 Dungeon Crawl Stone Soup version 0.24.0-123-gd5b16e6ec5 (webtiles) character file.

Game seed: 3407275235828140787, levelgen mode: deterministic

64438 Curus the Warrior (level 14, -2/136 HPs)
             Began as a Minotaur Berserker on Jan 30, 2020.
             Was a High Priest of Trog.
             Slain by an orc knight
             ... wielding a +4 great mace
              (28 damage)
             ... on level 2 of the Orcish Mines.
             The game lasted 01:25:52 (16713 turns).

Curus the Warrior (Minotaur Berserker)             Turns: 16713, Time: 01:25:53

Health: -2/136     AC: 28    Str: 24    XL:     14   Next: 71%
Magic:  20/20      EV:  9    Int:  7    God:    Trog [*****.]
Gold:   1360       SH:  0    Dex:  8    Spells: 13/13 levels left

rFire    . . .     SeeInvis .   A - +3 lajatang of Hatred {flame, rC+}
rCold    + . .     Gourm    .   (shield currently unavailable)
rNeg     + . .     Faith    .   I - +3 plate armour {rPois}
rPois    +         Spirit   .   (helmet unavailable)
rElec    .         Reflect  .   x - +1 cloak
rCorr    +         Harm     .   H - +0 pair of gloves
MR       +++..                  F - +0 pair of boots
Stlth    ..........             i - amulet of the acrobat
HPRegen  1.32/turn              U - ring of positive energy
MPRegen  0.17/turn              W - ring of resist corrosion

@: regenerating
A: retaliatory headbutt, horns 3, yellow scales 1, clumsy 1, evolution 1, sturdy
frame 1
a: Berserk, Trog's Hand, Brothers in Arms, Renounce Religion


You were on level 2 of the Orcish Mines.
You worshipped Trog.
Trog was extremely pleased with you.
You were hungry.

You visited 3 branches of the dungeon, and saw 19 of its levels.
You also visited: Gauntlet.

You collected 1717 gold pieces.
You spent 357 gold pieces at shops.

Inventory:

Hand Weapons
 a - a +2 spear
 w - a +1 trident
 A - the +3 lajatang of Hatred (weapon) {flame, rC+}
   (Trog gifted it to you on level 10 of the Dungeon)

   It has been specially enchanted to burn those struck by it, causing extra
   injury to most foes and up to half again as much damage against particularly
   susceptible opponents.
   Big, fiery blades are also staple armaments of hydra-hunters.
   It protects you from cold.
 M - the +1 short sword of Impeachment {vamp, rElec rN+ Str+3, unknown}
   (Trog gifted it to you on level 2 of the Lair of Beasts)

   It inflicts no extra harm, but heals its wielder when it wounds a living foe.
   It affects your strength (+3).
   It insulates you from electricity.
   It protects you from negative energy.
 Q - a +5 halberd of chopping
 Z - a +3 lajatang of protection
Armour
 b - a +0 animal skin
 d - a +0 ring mail
 e - a +0 chain mail
 o - a +0 buckler
 x - a +1 cloak (worn)
 y - a +1 hat
 F - a +0 pair of boots (worn)
 H - a +0 pair of gloves (worn)
 I - a +3 plate armour of poison resistance (worn)
 R - a cursed +0 plate armour
Jewellery
 f - an uncursed ring of attention
 i - an amulet of the acrobat (around neck)
 k - a cursed amulet of inaccuracy
 q - an uncursed ring of flight
 s - an uncursed ring of ice
 B - a +6 ring of evasion
 C - a +2 ring of intelligence
 D - a +2 ring of slaying
 E - an uncursed ring of stealth
 G - a +2 ring of strength
 J - an uncursed ring of wizardry
 N - an uncursed ring of positive energy
 O - an uncursed ring of teleportation
 P - a -2 ring of slaying
 T - the ring of the Mage {Wiz MR++ Int+3}
   (You found it on level 5 of the Lair of Beasts)

   [ring of wizardry]

   It improves your spell success rate.
   It affects your intelligence (+3).
   It affects your resistance to hostile enchantments.
 U - a ring of positive energy (left hand)
 W - a ring of resist corrosion (right hand)
Wands
 t - a wand of disintegration (26)
 z - a wand of flame (65)
 L - a wand of enslavement (11)
 S - a wand of polymorph (7)
 V - a wand of digging (3)
 X - a wand of iceblast (6)
Scrolls
 g - 7 scrolls of remove curse
 h - 10 scrolls of identify
 j - 10 scrolls of teleportation
 n - 2 scrolls of blinking
 v - 3 scrolls of fear
 K - 2 scrolls of magic mapping
Potions
 l - 5 potions of curing
 m - 2 potions of heal wounds
 p - 2 potions of haste
 r - 3 potions of brilliance
 u - 6 potions of flight
 Y - a potion of cancellation
Comestibles
 c - 30 rations


   Skills:
 + Level 15.9 Fighting
 - Level 12.0(14.0) Polearms
 - Level 12.6(14.3) Staves
 + Level 15.8 Armour
 - Level 2.1 Dodging
 - Level 10.0 Evocations


You had 13 spell levels left.
You didn't know any spells.
Your spell library was empty.

Dungeon Overview and Level Annotations

Branches:
Dungeon (11/15)            Temple (0/1) D:5            Lair (6/6) D:11
 Shoals (0/4) Lair:3       Spider (0/4) Lair:2        Slime (0/5) Lair:5
    Orc (2/2) D:11            Elf (0/3) Orc:2       Gauntlet (visited)

Altars:
Ashenzari
Elyvilon
Gozag
Okawaru
Qazlal
Zin
The Shining One
Beogh
Jiyva

Shops:
D:5 (   D:9 =   D:10 (   Orc:2 :

Annotations:
Lair:5 1 runed translucent door


Innate Abilities, Weirdness & Mutations

You reflexively headbutt those who attack you in melee.
You have a pair of large horns on your head.
You are partially covered in yellow scales. (AC +2)
You are clumsy. (Dex -2)
You evolve.
Your movements are slightly less encumbered by armour. (ER -2)


Message History

The orc warrior barely misses you. You furiously retaliate!
You headbutt the orc warrior. The orc hits you but does no damage.
You closely miss the orc knight.
The orc knight is heavily wounded.
The orc knight roars a battlecry!
The orcs go into a battle-frenzy!
You hit the orc knight. You burn the orc knight.
The orc knight is heavily wounded.
The orc hits you but does no damage.
The orc warrior hits you with a +0 battleaxe.
You hit the orc knight. You burn the orc knight.
The orc knight is severely wounded.
The orc knight hits you but does no damage.
You barely miss the orc knight. Your headbutt misses the orc knight.
The orc knight is severely wounded.
The orc hits you but does no damage.
The orc warrior hits you with a +0 battleaxe!!
* * * LOW HITPOINT WARNING * * *
The orc knight hits you with a +4 great mace!!
You die...

#............
#............ #
##............ #
#####............. ###
###.#(.(............
..####...................
...##.....(....))........
....##.........()))......
.....#...#.#..()@o)......
)...##...###(..##o.##..##
....#...## #((##.o.......
........## #()# )........
.........###.))...)....≈
#.........##..#......≈≈≈
#.........##..#.....≈≈≈≈
#.........##... c...o...
........####... .....


You could see an orc knight, 2 orc warriors and an orc.

Vanquished Creatures
  Gastronok (Lair:2)
  Donald (Orc:2)
  A stone giant (Orc:1)
  A minotaur (Gauntlet)
  4 hydras
  Erica (D:8)
  A catoblepas (Gauntlet)
  2 two-headed ogres (D:10)
  5 death yaks
  A queen ant (Lair:2)
  The ghost of dragonscale333 the Destroyer, a novice DrCj of Vehumet (D:6)
  4 lindwurms (Lair:6)
  A necromancer (Lair:4)
  An orc knight (Orc:2)
  An orc sorcerer (Orc:1)
  4 oklob plants (Lair:5)
  2 merfolk sirens (Lair:3)
  A black mamba (Lair:4)
  A molten gargoyle (Gauntlet)
  26 spiny frogs
  Psyche (D:8)
  A gargoyle (Gauntlet)
  A torpor snail (Lair:3)
  7 komodo dragons
  3 trolls
  5 tyrant leeches (Lair:6)
  2 hippogriffs
  6 dream sheep
  26 blink frogs
  A redback (Lair:2)
  A wyvern (Lair:5)
  54 yaks
  Eustachio (D:5)
  4 basilisks
  A steam dragon (D:9)
  6 vampire mosquitoes (Lair:6)
  4 wargs
  8 soldier ants (Lair:2)
  9 water moccasins
  A sky beast (D:10)
  9 porcupines
  14 orc warriors
  2 black bears
  A necrophage (D:8)
  6 ogres
  4 phantoms
  6 wolves (Lair:6)
  10 centaurs
  12 crocodiles
  6 big kobolds
  20 bullfrogs
  2 gnoll sergeants
  A wyvern zombie (D:7)
  A water moccasin zombie (D:8)
  4 scorpions
  14 killer bees
  6 howler monkeys
  4 wights (D:7)
  5 crimson imps
  5 centaur zombies
  2 bullfrog zombies
  4 orc wizards
  12 orc priests
  6 hounds
  3 iguanas
  31 worker ants
  2 yak simulacra (Lair:4)
  5 wolf simulacra (Lair:4)
  3 polar bear simulacra (Lair:4)
  15 gnolls
  13 adders
  4 shadow imps
  An adder zombie (D:5)
  3 adder skeletons
  4 worms
  4 dart slugs
  5 leopard geckos
  44 orcs
  A giant cockroach (D:5)
  12 hobgoblins
  24 kobolds
  6 quokkas
  3 ball pythons
  8 bats
  2 frilled lizards
  7 goblins
  A jackal skeleton (D:9)
  A jackal zombie (D:6)
  3 quokka skeletons
  2 quokka zombies
  2 rats (D:2)
  A river rat simulacrum (Lair:4)
  A plant (Lair:5)
569 creatures vanquished.

Vanquished Creatures (collateral kills)
  3 death yaks (Gauntlet)
  A death knight (D:11)
  A skeletal warrior (D:11)
  A necromancer (Gauntlet)
  A wraith (D:11)
  A warg (D:11)
  4 orc warriors (Orc:2)
  4 centaurs
  A scorpion (D:11)
  An orc priest (D:11)
  2 orcs
20 creatures vanquished.

Vanquished Creatures (others)
  4 fungi
  27 plants
  A withered plant (D:6)
32 creatures vanquished.

Grand Total: 621 creatures vanquished

Notes
Turn   | Place    | Note
-------+----------+-------------------------------------------
     0 | D:1      | Curus the Minotaur Berserker began the quest for the Orb.
     0 | D:1      | Reached XP level 1. HP: 19/19 MP: 0/0
   189 | D:1      | Reached XP level 2. HP: 26/26 MP: 1/1
   320 | D:1      | Reached skill level 5 in Polearms
   498 | D:1      | Reached XP level 3. HP: 31/31 MP: 2/2
   928 | D:2      | Found a shattered altar of Ashenzari.
  1112 | D:2      | Found a white marble altar of Elyvilon.
  1126 | D:2      | Reached ** piety under Trog
  1126 | D:2      | Reached XP level 4. HP: 39/39 MP: 3/3
  1820 | D:3      | Reached XP level 5. HP: 36/45 MP: 4/4
  2372 | D:4      | Reached XP level 6. HP: 46/51 MP: 5/5
  2621 | D:4      | Reached *** piety under Trog
  2693 | D:4      | Reached XP level 7. HP: 50/57 MP: 6/6
  2930 | D:5      | Entered Level 5 of the Dungeon
  2995 | D:5      | Reached skill level 10 in Polearms
  3004 | D:5      | Found a staircase to the Ecumenical Temple.
  3305 | D:5      | Found an opulent altar of Gozag.
  3478 | D:5      | Found Ysulerilof's Weapon Emporium.
  3767 | D:5      | Noticed Eustachio
  3798 | D:5      | Killed Eustachio
  4106 | D:6      | Reached XP level 8. HP: 36/64 MP: 7/7
  4213 | D:6      | Found a runed translucent door.
  4213 | D:6      | Noticed dragonscale333's ghost (novice DrCj)
  4225 | D:6      | You fall into a shaft and drop 1 floor!
  4248 | D:7      | Reached **** piety under Trog
  4378 | D:7      | Noticed a hippogriff
  4395 | D:7      | Killed a hippogriff
  4395 | D:7      | Reached skill level 5 in Fighting
  4650 | D:6      | Found a stormy altar of Qazlal.
  4659 | D:6      | Reached skill level 5 in Armour
  4668 | D:6      | Found an iron altar of Okawaru.
  5035 | D:6      | Killed dragonscale333's ghost
  5035 | D:6      | Reached XP level 9. HP: 35/79 MP: 8/8
  5464 | D:7      | Found a glowing silver altar of Zin.
  5606 | D:8      | Noticed Erica
  5632 | D:8      | Killed Erica
  5675 | D:8      | Noticed Psyche
  5685 | D:8      | Killed Psyche
  5685 | D:8      | Received a gift from Trog
  5685 | D:8      | Reached XP level 10. HP: 51/92 MP: 9/9
  5737 | D:8      | Reached skill level 10 in Fighting
  5741 | D:8      | Reached skill level 10 in Armour
  6134 | D:8      | Noticed a three-headed hydra
  6142 | D:8      | Killed a three-headed hydra
  6355 | D:8      | Reached ***** piety under Trog
  6722 | D:9      | Reached XP level 11. HP: 79/104 MP: 10/10
  6915 | D:9      | Found Qexam's Jewellery Shop.
  6938 | D:9      | Bought a +2 ring of slaying for 357 gold pieces
  7170 | D:10     | Entered Level 10 of the Dungeon
  7360 | D:10     | Received a gift from Trog
  7371 | D:10     | Got a smoking lajatang {god gift}
  7384 | D:10     | Found Saruyhiy's Antique Weapon Boutique.
  7385 | D:10     | Noticed a two-headed ogre
  7393 | D:10     | Killed a two-headed ogre
  7461 | D:10     | Noticed a two-headed ogre
  7478 | D:10     | Killed a two-headed ogre
  8571 | D:10     | Identified the +3 lajatang of Hatred {flame, rC+} (Trog
                  | gifted it to you on level 10 of the Dungeon)
  8605 | D:11     | Noticed a death knight
  8610 | D:11     | Noticed a skeletal warrior
  8620 | D:11     | Killed a death knight
  8626 | D:11     | Killed a skeletal warrior
  8628 | D:11     | Received a gift from Trog
  8632 | D:11     | Reached XP level 12. HP: 79/117 MP: 11/11
  8701 | D:11     | Found a staircase to the Lair.
  8712 | Lair:1   | Entered Level 1 of the Lair of Beasts
  8810 | Lair:1   | Reached skill level 1 in Staves
  8854 | Lair:1   | Reached skill level 1 in Evocations
  9854 | Lair:2   | Reached skill level 5 in Staves
  9872 | Lair:2   | Found a hole to the Spider Nest.
 10348 | Lair:2   | Noticed a queen ant
 10357 | Lair:2   | Received a gift from Trog
 10364 | Lair:2   | Killed a queen ant
 10364 | Lair:2   | Reached skill level 5 in Evocations
 10370 | Lair:2   | Got a bloodstained short sword {god gift}
 10396 | Lair:2   | Noticed Gastronok
 10425 | Lair:2   | Killed Gastronok
 11100 | Lair:3   | Reached XP level 13. HP: 111/124 MP: 15/17
 11380 | Lair:3   | Found a staircase to the Shoals.
 11592 | Lair:4   | Found a gate leading to a gauntlet.
 11605 | Gauntlet | Entered a Gauntlet
 11605 | Gauntlet | Found a transporter.
 11608 | Gauntlet | Found a transporter.
 11624 | Gauntlet | Found a transporter.
 11628 | Gauntlet | Found a transporter.
 11648 | Gauntlet | Found a transporter.
 11662 | Gauntlet | Found a transporter.
 11675 | Gauntlet | Found a transporter.
 11695 | Gauntlet | Found a transporter.
 11700 | Gauntlet | Found a transporter.
 11707 | Gauntlet | Found a transporter.
 11732 | Gauntlet | Found a transporter.
 11734 | Gauntlet | Found a transporter.
 12155 | Gauntlet | Noticed a fire giant
 12156 | Gauntlet | Noticed a shadow dragon
 12156 | Gauntlet | a fire giant changed into a shadow dragon
 12161 | Gauntlet | a shadow dragon changed into an alligator snapping turtle
 12208 | Gauntlet | Reached skill level 10 in Staves
 12421 | Gauntlet | Noticed a minotaur
 12427 | Gauntlet | Killed a minotaur
 12559 | Lair:4   | Received a gift from Trog
 13967 | Lair:5   | Found a runed translucent door.
 13967 | Lair:5   | Found a viscous altar of Jiyva.
 13968 | Lair:5   | Found a glowing golden altar of the Shining One.
 14064 | Lair:5   | Found a staircase to the Slime Pits.
 14064 | Lair:5   | Noticed an acid blob
 14064 | Lair:5   | Noticed an acid blob
 14259 | Lair:6   | Entered Level 6 of the Lair of Beasts
 14537 | Lair:6   | Reached XP level 14. HP: 94/132 MP: 20/20
 14542 | Lair:6   | Reached skill level 10 in Evocations
 15035 | Lair:6   | Reached skill level 15 in Fighting
 15101 | Lair:6   | Gained mutation: You are partially covered in yellow
                  | scales. (AC +2) [potion of mutation]
 15101 | Lair:6   | Gained mutation: You are clumsy. (Dex -2) [potion of
                  | mutation]
 15101 | Lair:6   | Gained mutation: You evolve. [potion of mutation]
 15101 | Lair:6   | Gained mutation: Your movements are slightly less
                  | encumbered by armour. (ER -2) [potion of mutation]
 15210 | Lair:6   | Gained mutation: You have a pair of large horns on your
                  | head. [evolution]
 15247 | Lair:6   | Reached skill level 15 in Armour
 15291 | Lair:5   | Found the ring of the Mage {Wiz MR++ Int+3}
 16104 | D:11     | Found a staircase to the Orcish Mines.
 16133 | Orc:1    | Entered Level 1 of the Orcish Mines
 16160 | Orc:1    | Reached ****** piety under Trog
 16191 | Orc:1    | Noticed a stone giant
 16201 | Orc:1    | Killed a stone giant
 16372 | Orc:1    | Found a roughly hewn altar of Beogh.
 16448 | Orc:2    | Entered Level 2 of the Orcish Mines
 16534 | Orc:1    | Received a gift from Trog
 16546 | Orc:1    | You fall into a shaft and drop 1 floor!
 16549 | Orc:2    | Found a staircase to the Elven Halls.
 16556 | Orc:2    | Found Asozokh's Book Emporium.
 16599 | Orc:2    | Identified the +5 shield of the Desert {MR+ SInv Stlth+}
 16599 | Orc:2    | Noticed Donald
 16617 | Orc:2    | Killed Donald
 16713 | Orc:2    | Slain by an orc knight

Levels and vault maps discovered:
D:1:      dpeg_arrival_water_fire, layout_basic
D:2:      layout_loops_cross, nicolae_overflow_crystal_walls, first_ration,
          elyvilon_altar_3
D:3:      layout_basic, grunt_decor_resistance
D:4:      layout_cave_pools, nicolae_overflow_hidden_temple
D:5:      layout_layer_cave, lemuel_crystal_altar,
          minmay_temple_entry_large_hall, serial_shops, kennysheep_mini,
          uniq_eustachio
D:6:      layout_layer_cave, grunt_qazlal_sundering, old_standard_altar,
          gammafunk_ghost_grave
D:7:      layout_basic, zin_statuary
D:8:      layout_rooms, hangedman_ranch [blue_anna_fruit_fields],
          corexii_leaking_fountain, kennysheep_dice, uniq_psyche, uniq_erica
D:9:      layout_rooms, minmay_shop_enchanted_jewellery
D:10:     layout_small_grid, serial_shops, shop, kennysheep_cross_room
D:11:     layout_grid_maze, erik_lair_orcish_takeover, david_orc_2, uniq_fannar
Lair:1:   layout_layer_cave
Lair:2:   layout_loops_ring, spider_nest_entry_webs, minmay_another_anthill,
          uniq_gastronok
Lair:3:   layout_loops_ring, elwin_shoals_entry_rooms
Lair:4:   layout_concentric_octagons, gauntlet_entry_generic,
          eino_house_with_fridge
Lair:5:   layout_big_grid, slime_altar_2, basic_altar,
          infiniplex_staircase_pool_2, lemuel_fruit_tree,
          minmay_lair_oklob_chamber
Lair:6:   minmay_lair_end_frog_pond, layout_regular_city,
          chequers_serial_rivers_micro_e, minmay_lindwurm_lava
Orc:1:    layout_caves, basic_altar
Orc:2:    st_orc_rangers, layout_diamond_mine, serial_shops,
          nicolae_shop_window_shopping, nicolae_orc_sculptors_studio,
          uniq_donald

Skill      XL: |  1  2  3  4  5  6  7  8  9 10 11 12 13 14 |
---------------+-------------------------------------------+-----
Polearms       | 4 5 6 8 9 11 12 | 12.0
Fighting       | 7 9 12 14 15 | 15.9
Armour         | 6 9 11 14 15 | 15.8
Staves         | 8 12 | 12.6
Evocations     | 6 9 10 | 10.0
Dodging        | |  2.1

Action                   |  1- 3 |  4- 6 |  7- 9 | 10-12 | 13-15 || total
-------------------------+-------+-------+-------+-------+-------++-------
Melee: Spear             |    71 |   168 |   278 |       |       ||   517
       Headbutt          |     7 |    32 |    52 |   133 |   121 ||   345
       Trident           |       |       |    95 |   479 |       ||   574
       Lajatang          |       |       |       |   273 |   571 ||   844
Invok: Berserk           |       |     1 |     1 |     5 |     3 ||    10
       Trog's Hand       |       |       |     1 |     1 |     1 ||     3
       Brothers in Arms  |       |       |       |     1 |     2 ||     3
 Abil: Evoke Flight      |       |       |       |       |     2 ||     2
Evoke: Wand              |       |       |     2 |     5 |     7 ||    14
  Use: Scroll            |     5 |     8 |     2 |     3 |     5 ||    23
       Potion            |     4 |     4 |     1 |     1 |     3 ||    13
  Eat: Chunk             |       |     7 |    11 |    17 |    15 ||    50
       Ration            |       |       |       |     2 |     2 ||     4
Armor: Ring mail         |    18 |     7 |       |       |       ||    25
       Chain mail        |       |    27 |    76 |   210 |       ||   313
       Plate armour      |       |       |       |    90 |   248 ||   338
Dodge: Dodged            |    30 |    36 |    76 |   412 |   294 ||   848
Block: Buckler           |       |       |    20 |    35 |       ||    55
